 Dungeon Crawl Stone Soup version 0.27-a0-1191-g601b473118 (webtiles) character file.

Game seed: 13430903911676818281

2525 lunkers the Fighter (level 9, 0/101 HPs)
             Began as an Ogre Berserker on May 24, 2021.
             Was a Priest of Trog.
             Slain by a bullfrog (2 damage)
             ... on level 6 of the Dungeon.
             The game lasted 00:06:07 (6085 turns).

lunkers the Fighter (Ogre Berserker)                Turns: 6085, Time: 00:06:08

Health: 0/101      AC:  3    Str: 26      XL:     9   Next: 54%
Magic:  9/9        EV: 10    Int:  8      God:    Trog [***...]
Gold:   340        SH:  0    Dex: 13 (16) Spells: 8/8 levels left

rFire    + . .     SeeInvis .   B - +1 flail (drain)
rCold    . . .     Faith    .   (no shield)
rNeg     + . .     Spirit   .   b - +0 animal skin
rPois    .         Reflect  .   (helmet restricted)
rElec    .         Harm     .   (no cloak)
rCorr    .         Rampage  .   (gloves unavailable)
Will     ++...                  (boots unavailable)
Stlth    +.........             (no amulet)
HPRegen  1.26/turn              y - ring of the Fool {rF+ rN+ Dex+2}
MPRegen  0.11/turn              u - +6 ring of dexterity

@: marked, strong-willed, on berserk cooldown, regenerating, slowed, very slow
A: large, unfitting armour, tough skin 1
a: Renounce Religion, Berserk, Trog's Hand


You were on level 6 of the Dungeon.
You worshipped Trog.
Trog was most pleased with you.
You visited 1 branch of the dungeon, and saw 6 of its levels.

You collected 340 gold pieces.

Inventory:

Hand Weapons
 a - a +0 mace
 t - a +1 whip of freezing
 B - a +1 flail of draining (weapon)
Missiles
 e - 97 stones
 o - a throwing net
 x - 5 curare-tipped darts
Armour
 b - a +0 animal skin (worn)
Jewellery
 u - a +6 ring of dexterity (right hand)
 y - the ring of the Fool (left hand) {rF+ rN+ Dex+2}
   (You found it on level 5 of the Dungeon)

   [ring of protection from fire]

   It affects your dexterity (+2).
   It protects you from fire.
   It protects you from negative energy.
Wands
 k - a wand of iceblast (12)
 z - a wand of flame (13)
 A - a wand of polymorph (8)
Scrolls
 c - 4 scrolls of noise
 f - a scroll of teleportation {unknown}
 j - a scroll of magic mapping
 p - a scroll of torment {unknown}
 q - a scroll of acquirement {unknown}
 s - a scroll of identify {unknown}
 v - a scroll of enchant weapon {unknown}
 w - a scroll of enchant armour {unknown}
Potions
 d - a potion of cancellation {unknown}
 g - 2 potions of invisibility
 h - 4 potions of heal wounds
 i - 4 potions of mutation {unknown}
 l - a potion of curing {unknown}
 m - 2 potions of lignification {unknown}
 n - 3 potions of degeneration {unknown}
 r - a potion of brilliance {unknown}
 C - 2 potions of attraction {unknown}
 D - a potion of flight {unknown}


   Skills:
 + Level 10.2 Fighting
 * Level 9.8 Maces & Flails
 - Level 2.6 Dodging
 + Level 1.0 Evocations


You had 8 spell levels left.
You didn't know any spells.
Your spell library was empty.

Dungeon Overview and Level Annotations

Branches:
Dungeon (6/15)             Temple (0/1) D:4

Altars:
Xom

Shops:
D:3 ?

Annotations:
D:6 Eustachio


Innate Abilities, Weirdness & Mutations

You are too large for most types of armour.
You have tough skin. (AC +1)


Message History

It was a scroll of magic mapping.
The bullfrog hits you but does no damage.
The gnoll hits you from afar with a +0 spear!
* * * LOW HITPOINT WARNING * * *
The bullfrog hits you.
* * * LOW HITPOINT WARNING * * *
The quasit bites you.
* * * LOW HITPOINT WARNING * * *
The quasit closely misses you.
The quasit claws you but does no damage.
Eustachio gestures wildly while chanting.
The rat bites you.
* * * LOW HITPOINT WARNING * * *
The gnoll hits you from afar with a +0 spear.
* * * LOW HITPOINT WARNING * * *
The bullfrog hits you.
* * * LOW HITPOINT WARNING * * *
Unknown command.
Unknown command.
Your skin crawls.
You feel strong-willed. The quasit closely misses you.
The quasit barely misses you. The quasit closely misses you.
The bullfrog closely misses you. The rat bites you.
* * * LOW HITPOINT WARNING * * *
The quasit closely misses you.
The quasit claws you but does no damage.
The quasit barely misses you.
The gnoll hits you from afar with a +0 spear!
* * * LOW HITPOINT WARNING * * *
The bullfrog hits you but does no damage.
The rat bites you.
* * * LOW HITPOINT WARNING * * *
Unknown command.
A centaur comes into view.
The quasit bites you but does no damage.
The quasit claws you.
* * * LOW HITPOINT WARNING * * *
The quasit closely misses you. The bullfrog hits you.
You die...

......##..## #####.....## *,,,,
#.###.###..####......#### *,,,,
..* #......#.....###.#*******,,,,
.#* ######....>........,,,,,*,,,,
.# ######....#######...#***,,,,,,
.###.......### *##...,***,,,,
.....####..# *###.***,,,,
#†.........######## *,.,*,,,,
#...............@r######***,*,,,,
...#.....######.F555.@r#*,,,,,**,
########..#######g####bc#,,,,,**,
##......##g# **,,,,,,,**,
*###*#..g.# ****,,,,,,*,
####g#***,,,,,,,,,,, *
#5<.#,,**,,,,,*,< ***********
##..#,***,,,,,*,,
,,,,,,,,,,********..#,*********,,


You could see Eustachio (drained), a bullfrog (drained), a centaur, a quasit
(summoned), 3 gnolls, a crimson imp (summoned), a river rat (summoned), 2 shadow
imps, a bat (summoned) and a rat (summoned).

Vanquished Creatures
  Pikel (D:4)
  Sigmund (D:4)
  Menkaure (D:5)
  Edmund (D:5)
  A water moccasin (D:5)
  2 sky beasts
  A necrophage (D:4)
  3 ogres (D:5)
  A centaur (D:6)
  A phantom (D:5)
  A bullfrog (D:4)
  3 scorpions
  A water moccasin zombie (D:5)
  A water moccasin skeleton (D:5)
  4 hounds (D:5)
  2 jellies (D:5)
  A bullfrog skeleton (D:5)
  Ijyb (D:3)
  Terence (D:3)
  4 iguanas
  An orc wizard (D:4)
  A hound zombie (D:5)
  A hound skeleton (D:4)
  Robin (D:2)
  An adder (D:5)
  A shadow imp (D:5)
  An ufetubus (D:5)
  3 worms
  4 dart slugs
  7 orcs
  4 ball pythons
  5 bats (D:1)
  6 endoplasms
  5 giant cockroaches
  7 goblins
  10 hobgoblins
  8 quokkas
  6 frilled lizards
  8 kobolds
  4 rats
116 creatures vanquished.

Vanquished Creatures (others)
  6 fungi (D:6)
  4 toadstools (D:6)
10 creatures vanquished.

Grand Total: 126 creatures vanquished

Notes
Turn   | Place    | Note
-------+----------+-------------------------------------------
     0 | D:1      | lunkers the Ogre Berserker began the quest for the Orb.
     0 | D:1      | Reached XP level 1. HP: 24/24 MP: 1/1
   125 | D:1      | Reached XP level 2. HP: 28/32 MP: 2/2
   256 | D:1      | Found a faded altar of an unknown god.
   773 | D:1      | Reached XP level 3. HP: 32/40 MP: 3/3
   989 | D:2      | Noticed Robin
   996 | D:1      | Reached ** piety under Trog
  1202 | D:2      | Killed Robin
  1345 | D:2      | Reached XP level 4. HP: 49/49 MP: 4/4
  1664 | D:2      | Found a shimmering altar of Xom.
  1791 | D:3      | Noticed Ijyb
  1800 | D:3      | Killed Ijyb
  1801 | D:3      | Reached skill level 5 in Fighting
  1901 | D:3      | Noticed Terence
  1919 | D:3      | Killed Terence
  1920 | D:3      | Reached XP level 5. HP: 42/57 MP: 5/5
  2524 | D:3      | Found Roywn's Magic Scroll Emporium.
  2857 | D:4      | Noticed a sky beast
  2873 | D:4      | Killed a sky beast
  2874 | D:4      | Reached skill level 5 in Maces & Flails
  2874 | D:4      | Reached XP level 6. HP: 67/67 MP: 6/6
  3012 | D:4      | Noticed a necrophage
  3026 | D:4      | Killed a necrophage
  3027 | D:4      | Reached skill level 6 in Fighting
  3250 | D:4      | Reached *** piety under Trog
  3255 | D:4      | Found a staircase to the Ecumenical Temple.
  3255 | D:4      | Noticed Pikel
  3266 | D:4      | Killed Pikel
  3267 | D:4      | Reached skill level 7 in Fighting
  3267 | D:4      | Reached XP level 7. HP: 78/78 MP: 7/7
  3314 | D:4      | Reached XP level 8. HP: 48/88 MP: 8/8
  3639 | D:4      | Noticed Sigmund
  3649 | D:4      | Killed Sigmund
  3650 | D:4      | Reached skill level 8 in Fighting
  3899 | D:5      | Entered Level 5 of the Dungeon
  4108 | D:5      | Identified the ring of the Fool {rF+ rN+ Dex+2}
  4709 | D:5      | Reached skill level 9 in Fighting
  4729 | D:5      | Noticed Edmund
  4760 | D:5      | Killed Edmund
  4765 | D:5      | Reached XP level 9. HP: 89/96 MP: 9/9
  5329 | D:5      | Noticed Menkaure
  5336 | D:5      | Killed Menkaure
  5337 | D:5      | Reached skill level 10 in Fighting
  5985 | D:6      | Identified the +5 spear of Distant Shores {elec, Str+4}
  5992 | D:6      | Reached skill level 1 in Evocations
  6058 | D:6      | Noticed Eustachio
  6084 | D:6      | HP: 3/101 [gnoll/+0 spear (8)]
  6084 | D:6      | HP: 1/101 [rat[Eustachio] (2)]
  6085 | D:6      | Slain by a bullfrog

Illustrated notes

Levels and vault maps discovered:
D:1:      minmay_arrival_wavy_path, layout_basic,
          hellmonk_ecumenical_altar_heavens_door
D:2:      layout_rooms, basic_altar, minivault_5, uniq_robin
D:3:      minmay_general_purpose_star, layout_rooms, serial_shops, shop,
          uniq_ijyb, uniq_terence
D:4:      layout_basic, minmay_temple_entry_large_hall, uniq_pikel, uniq_sigmund
D:5:      minmay_chambers_of_threes, layout_loops_ring, uniq_menkaure,
          uniq_edmund
D:6:      layout_rooms, tso_oasis_becter, nicolae_ru_path_of_blood,
          lemuel_tele_altar, minmay_misc_feat_chi, minmay_gold_behind_fungi,
          kennysheep_generic_room_3, uniq_grinder, uniq_eustachio

Skill      XL: |  1  2  3  4  5  6  7  8  9 |
---------------+----------------------------+-----
Maces & Flails | 3 4 5 7 8 9 |  9.8
Fighting       | 5 7 9 10 | 10.2
Evocations     | 1 |  1.0
Dodging        | |  2.6

Action                   |  1- 3 |  4- 6 |  7- 9 || total
-------------------------+-------+-------+-------++-------
Melee: Mace              |   105 |   134 |    41 ||   280
       Whip              |       |       |   111 ||   111
       Flail             |       |       |    72 ||    72
Invok: Berserk           |     1 |     5 |     7 ||    13
       Trog's Hand       |       |       |     3 ||     3
  Use: Scroll            |       |       |     2 ||     2
 Stab: Sleeping          |       |       |     3 ||     3
Armor: Animal skin       |    36 |    27 |    57 ||   120
Dodge: Dodged            |    81 |    50 |   102 ||   233

Table legend: (Time is in decaauts)
 A = Elapsed time spent in this place.
 B = Non-inter-level travel time spent in this place.
 C = Inter-level travel time spent in this place.
 D = Time resting spent in this place.
 E = Time spent auto-exploring this place.
 F = Levels seen in this place.
 G = Mean time per level.
                   A        B        C        D        E       F      G
               +--------+--------+--------+--------+--------+-----+--------+
         Total |   6188 |   6018 |    170 |    500 |   4691 |   6 | 1031.3 |
       Dungeon |   6188 |   6018 |    170 |    500 |   4691 |   6 | 1031.3 |
               +--------+--------+--------+--------+--------+-----+--------+

Top non-repeatable levels by time:
     D:5: 1918 daAuts
     D:1: 1206 daAuts
     D:3: 1087 daAuts
     D:4: 1081 daAuts
     D:2: 623 daAuts
     D:6: 270 daAuts
